[Event "E World Chess Championship 2023"]
[Site "Chess.com"]
[Date "2023.04.16"]
[Round "6"]
[White "Ding, Liren"]
[Black "Nepomniachtchi, Ian"]
[Result "1-0"]
[WhiteElo "2788"]
[BlackElo "2795"]
[ECO "D02"]
[EventDate "2023.??.??"]
[Annotator "rafael"]
[PlyCount "87"]
[Beauty "7424790511133"]
[EventType "match"]
[EventRounds "15"]
[EventCountry "FID"]
[TimeControl "7200+30"]

1.d4 Nf6 2.Nf3 d5 3.Bf4 {The long-awaited moment has arrived when the London System makes its first appearance in a world championship match. If I have criticized London players, here I demonstrate my complete regret for doing so. This is not a very common weapon in Ding's repertoire, but he has used it before, and Nepomniachtchi said he expected it at some point.} 3...c5 4.e3 Nc6 5.Nbd2 cxd4 ( 5...Bg4 {was played against Ding in 2021.} 6.Bb5 e6 7.O-O cxd4 8.exd4 Bd6 9.Bxd6 Qxd6 10.c3 O-O 11.Re1 {With the same position as in the game, with the difference that the bishop is on g4 and not on f5. It's hard to say whom this favors, but the game's character doesn't change much. Ding-Hovhannisyan, Online Olymp 2021.} ) 6.exd4 Bf5 ( 6...Bg4 {was played by Nepomniachtchi in 2022.} 7.c3 e6 8.Qb3 Qc8 {Aravindh-Nepomniachtchi, Wch Rapid Almaty 2022.} ) 7.c3 e6 8.Bb5 {Not the most popular choice.} ( 8.Qb3 {is the main line.} ) 8...Bd6 9.Bxd6 Qxd6 10.O-O O-O 11.Re1 {There are not many games in this position, and most of them are by GM Gata Kamsky, a great expert in the London System. The position looks calm and even monotonous; it is difficult to predict the fireworks that we will see later. White's plan is to try to exert some pressure on the queenside, advancing the a-pawn and trying to get the knight to c5. Black's position is very solid, but there is no clear game plan.} 11...h6 {A useful move, giving the bishop a square and the king some air. However, due to White's next move, this move may not be the most accurate.} ( 11...a6 12.Bxc6 Qxc6 13.Ne5 Qc7 14.a4 a5 15.g4 Bg6 16.h4 {This was played in Kamsky-Matlakov, Titled Tuesday 2023. Here, instead of 16...Nd7, Black should advance the h-pawn with equal chances.} 16...h6 ( 16...h5 ) ) 12.Ne5 {A new move.} ( 12.a4 {was played in Kamsky-Marcus, Titled Tuesday 2020.} ) 12...Ne7 {Necessary to avoid the exchange on c6.} ( 12...a6 13.Bxc6 bxc6 14.Nb3 {with a positional advantage for White.} ) 13.a4 a6 14.Bf1 Nd7 $6 ( 14...a5 $5 {[%c_effect a5;square;a5;type;Interesting;persistent;true] This prophylactic move, preventing White from fixing the structure on the queenside, has its value.} 15.Nb1 $5 {[%c_effect b1;square;b1;type;Interesting;persistent;true] Another subtle move, bringing the knight to b5.} 15...Nd7 {White's position is a bit more comfortable, but no big deal.} ) 15.Nxd7 Qxd7 16.a5 $1 {[%c_effect a5;square;a5;type;GreatFind;persistent;true] With the structure on the queenside fixed and Black with weaknesses on the dark squares, White has a small advantage.} 16...Qc7 17.Qf3 Rfc8 18.Ra3 {A sophisticated move. The rook will come in handy on the third rank later in the game, but more conventional moves are available.} ( 18.Rec1 {with the idea of playing b4 and then Nb3-c5.} ) ( 18.Nb3 Nc6 19.Qg3 {similar to the game, also with some advantage.} ) 18...Bg6 {Black's problem is that there are no active moves available.} 19.Nb3 Nc6 20.Qg3 Qe7 ( 20...Qxg3 {Maybe it's better to exchange queens, even though White maintains his pressure in the endgame after} 21.hxg3 Rc7 22.Nc5 ) 21.h4 $1 {[%c_effect h4;square;h4;type;GreatFind;persistent;true] A great move, gaining space on the kingside and showing the opponent that he is not in a hurry. Interestingly, in the previous game, it was Nepomniachtchi who executed an excellent pawn advance to h4.} ( 21.Nc5 $6 {[%c_effect c5;square;c5;type;Inaccuracy;persistent;true] is premature and allows a tactical shot.} 21...Nxa5 $1 22.Nxe6 ( 22.Rxa5 b6 ) 22...Rc6 $1 {[%c_effect c6;square;c6;type;GreatFind;persistent;true] and the worst is over for Black.} ) 21...Re8 {Nepomniachtchi decides to prepare a plan with e6-e5. The computer shows that this makes things worse, but it's hard to play without an active plan.} 22.Nc5 e5 23.Rb3 ( 23.b4 $1 {[%c_effect b4;square;b4;type;GreatFind;persistent;true] is even better, since Black has less counterplay than in the game. White defends the knight and threatens to capture on e5. After} 23...e4 24.f3 $1 {[%c_effect f3;square;f3;type;GreatFind;persistent;true] White will get an imposing pawn structure after the capture on e4.} ) 23...Nxa5 24.Rxe5 Qf6 25.Ra3 Nc4 26.Bxc4 dxc4 {This is a critical moment in the game.} 27.h5 $6 {[%c_effect h5;square;h5;type;Inaccuracy;persistent;true] This is a mistake due to a clever tactical resource.} ( 27.Nxb7 $1 {[%c_effect b7;square;b7;type;GreatFind;persistent;true] is better.} 27...Qb6 28.Nd6 Rxe5 29.Qxe5 ( 29.dxe5 {is also better for White.} ) 29...Qxb2 30.Nxc4 {with the advantage.} ) 27...Bc2 $6 ( 27...Rxe5 $1 28.dxe5 Qd8 $3 {[%c_effect d8;square;d8;type;Brilliant;persistent;true] This is the point.} ( 28...Qc6 {is not good:} 29.hxg6 Qxc5 30.gxf7+ Kxf7 31.e6+ Kg8 32.Ra1 {Followed by 33.Re1 with a big advantage, thanks to the passed e-pawn.} ) 29.Qf3 $1 {[%c_effect f3;square;f3;type;GreatFind;persistent;true] The right way to keep some pressure.} ( 29.hxg6 {leads to a draw by perpetual check after} 29...Qd1+ 30.Kh2 Qh5+ ) 29...Qd2 $1 30.hxg6 Qe1+ 31.Kh2 Qxe5+ 32.g3 Qxc5 33.Qxf7+ Kh8 34.Ra4 $1 Rc8 {White is still better, but Black is fighting.} ( 34...b5 $6 35.Rxa6 $1 Rf8 36.Rc6 $1 Qxf2+ 37.Qxf2 Rxf2+ 38.Kg1 Rf8 39.Rb6 {with a winning rook endgame.} ) ( 34...Rf8 $2 35.Rxc4 $1 ) ) ( 27...Bd3 {was suggested by Nepomniachtchi as an improvement in the press conference, but he clearly missed the following computer move:} 28.b4 $1 {[%c_effect b4;square;b4;type;GreatFind;persistent;true] with an overwhelming advantage for White.} ) 28.Nxb7 Qb6 ( 28...Rxe5 29.Qxe5 Qxe5 30.dxe5 Rb8 31.Nd6 Rxb2 32.Rxa6 {The endgame is hopeless for Black.} 32...Rb8 33.Ra7 ) 29.Nd6 $1 Rxe5 ( 29...Qxd6 $2 30.Rxe8+ Rxe8 31.Qxd6 ) 30.Qxe5 {This is clearly better than taking with the pawn.} ( 30.dxe5 $6 Qxb2 31.Nxc4 $6 ( 31.Ra5 {is better.} ) 31...Qc1+ 32.Kh2 Rc8 33.Nd6 Qxa3 34.Nxc8 a5 {and Black is fine.} ) 30...Qxb2 31.Ra5 $1 {[%c_effect a5;square;a5;type;GreatFind;persistent;true] Ding rightly praised this move at the press conference.} ( 31.Nxc4 {is much worse, since it's not clear whether White can win in the endgame after} 31...Qc1+ 32.Kh2 Bd3 33.Qe3 Qd1 34.Ne5 Qxh5+ 35.Qh3 Qxh3+ 36.gxh3 ( 36.Kxh3 ) ) 31...Kh7 ( 31...Qxc3 {The point is that this natural capture loses after} 32.Ne8 $1 f6 ( 32...Rxe8 33.Qxe8+ Kh7 34.Rd5 {Followed by Rd8 with a mating attack.} ) 33.Qd5+ Kh7 34.Nxf6+ $1 gxf6 35.Qb7+ $1 Kh8 36.Qxa8+ ) 32.Rc5 $6 ( 32.Qe1 $1 {[%c_effect e1;square;e1;type;GreatFind;persistent;true] is an absurdly difficult move, indicated by the computer. White has a clear advantage as the pawn on c4 will fall.} 32...Bd3 33.Nxc4 $1 ( 33.Nxf7 {is also possible.} ) 33...Bxc4 $6 34.Qe4+ f5 35.Qxa8 Qc1+ 36.Kh2 Qf4+ 37.g3 $1 {[%c_effect g3;square;g3;type;GreatFind;persistent;true] and there's no perpetual check.} 37...Qxf2+ 38.Qg2 $18 ) 32...Qc1+ $2 ( 32...Qxc3 $1 {[%c_effect c3;square;c3;type;GreatFind;persistent;true] gives Black good saving chances if he manages to find some fantastic ideas on the way.} 33.Nxf7 ( 33.Ne8 $6 Rxe8 34.Qxe8 Qa1+ 35.Kh2 Qxd4 {White is not in time to checkmate.} ) ( 33.Rc7 Qd2 $1 34.Rxf7 Qg5 35.f4 Qxe5 36.dxe5 {This is an interesting endgame, but Black manages to save it by playing with precision.} ) 33...Bd3 $1 34.Rc7 Qc1+ 35.Kh2 Re8 $3 {[%c_effect e8;square;e8;type;Brilliant;persistent;true] A fantastic resource $1} 36.Qg3 ( 36.Qxe8 Qf4+ {leads to perpetual check.} ) 36...Re1 37.Qg4 Rh1+ 38.Kg3 Qc3 $1 39.Ne5 $1 Bg6+ 40.Qf3 Qxf3+ 41.Kxf3 Bxh5+ 42.g4 Be8 43.Rxc4 {After all these unbelievable moves from the computer, we reach an endgame with good drawing chances for Black.} ) 33.Kh2 f6 34.Qg3 {From now on, there's no possible salvation for Nepomniachtchi.} 34...a5 ( 34...Bd3 35.Nxc4 Bxc4 36.Rxc4 {The exchange of the bishop for the knight doesn't bring relief.} ) 35.Nxc4 a4 36.Ne3 $1 {[%c_effect e3;square;e3;type;GreatFind;persistent;true] The most accurate. Ding plays for mate.} ( 36.Rc7 Qg5 37.Qxg5 hxg5 38.Na3 {The endgame should be winning due to the passed pawns, but the move played in the game is better.} ) 36...Bb1 ( 36...a3 37.Rc7 Rg8 38.Nd5 Kh8 39.Ra7 {Black is not in time to support the advance of the a-pawn.} 39...Bb3 40.Ne7 ) 37.Rc7 Rg8 38.Nd5 Kh8 39.Ra7 a3 40.Ne7 Rf8 41.d5 $5 {[%c_effect d5;square;d5;type;Interesting;persistent;true] Ding finds a wonderful mating pattern and finishes the game in style.} ( 41.Rb7 $1 {[%c_effect b7;square;b7;type;GreatFind;persistent;true] is also pretty and efficient. The game might continue:} 41...a2 42.Rb8 $1 {[%c_effect b8;square;b8;type;GreatFind;persistent;true] This is the idea.} 42...a1=Q ( 42...Rxb8 43.Qxb8+ Kh7 44.Qg8# ) 43.Rxf8+ Kh7 44.Qg6+ Bxg6 45.hxg6# {A checkmate with a pawn is always attractive.} ) ( 41.Qc7 {It's important to show this move, so the reader understands the point of Ding's move.} 41...Kh7 ( 41...a2 42.Ng6+ Bxg6 43.Qxg7# ) 42.Ng6 Rg8 {In this position, the pawn is important on d5 so that a beautiful mate is possible. We will see this in a minute.} ) 41...a2 42.Qc7 $1 Kh7 43.Ng6 Rg8 44.Qf7 $1 {[%c_effect f7;square;f7;type;GreatFind;persistent;true] Now it's clear why the pawn is needed on d5. It takes the e6-square from the king. Such a pretty finish for another great game in the match. I'm already out of words to praise this duel. I started following world championship matches in the early '90s, and so far this has been the best.} ( 44.Qf7 Qg5 ( 44...Bxg6 45.hxg6+ Kh8 46.Qxg8+ Kxg8 47.Ra8# ) 45.Qxg8+ $1 Kxg8 46.Ra8+ Kf7 ( 46...Kh7 47.Rh8# ) 47.Rf8# ) 1-0

[Event "E World Chess Championship 2023"]
[Site "Chess.com"]
[Date "2023.04.23"]
[Round "10"]
[White "Ding, Liren"]
[Black "Nepomniachtchi, Ian"]
[Result "1/2-1/2"]
[WhiteElo "2788"]
[BlackElo "2795"]
[ECO "A28"]
[EventDate "2023.??.??"]
[Annotator "rafael"]
[PlyCount "90"]
[Beauty "5841423969801"]
[EventType "match"]
[EventRounds "15"]
[EventCountry "FID"]
[TimeControl "7200+30"]

1.c4 Nf6 2.Nc3 e5 3.Nf3 Nc6 4.e4 {Another new opening in the match. This is a popular line in the English these days and one of my favorites for playing with White. A curious feature of modern chess is that you can quickly become an opening specialist just by playing online. It's my case with this English System: despite never having played it over the board, I've already played it in 61 online games, facing Caruana, Nakamura, and Kamsky, among other notable grandmasters. Maybe after so many games, my charm with this line has been a little broken, but the truth is that I don't consider it good enough to be used in the world championship.} 4...Bc5 ( 4...Bb4 {is the main line and it leads to a more positional game after} 5.d3 d6 6.a3 Bc5 7.b4 Bb6 ) 5.Nxe5 {This is White's only decent attempt, and it leads to forcing play.} 5...Nxe5 6.d4 Bb4 7.dxe5 Nxe4 8.Qf3 {Nowadays nearly everyone plays this move.} ( 8.Qd4 {is also possible, but after} 8...Nxc3 9.bxc3 Be7 {Grandmaster practice shows that Black has no problems.} ( 9...Ba5 {is dubious because of} 10.Ba3 $1 ) ) 8...Nxc3 9.bxc3 Bc5 $5 {[%c_effect c5;square;c5;type;Interesting;persistent;true] Ding confessed to being surprised by this move; even so it has been seen several times, even in a blitz game by Nepomniachtchi with the white pieces.} ( 9...Ba5 {is the main move, when the critical position from the modern theory standpoint arrives after} 10.Bf4 O-O 11.O-O-O $5 ) 10.Qg3 {The critical move: Black cannot castle, so how to defend the g7-pawn $2} 10...Kf8 $1 {[%c_effect f8;square;f8;type;GreatFind;persistent;true] Another move that took Ding by surprise. He was expecting 10...g6.} ( 10...O-O $2 {[%c_effect g8;square;g8;type;Mistake;persistent;true] is clearly bad due to} 11.Bg5 ( 11.Bh6 {is also good.} ) 11...Be7 12.Bh6 ) ( 10...g6 $6 {[%c_effect g6;square;g6;type;Inaccuracy;persistent;true] Ding said in the press conference that he expected this move, but it's clearly worse than the move played in the game. I have faced 10...g6 twice on Titled Tuesday and won both games, a true testament of how bad Black's position is after it.} 11.Bd3 $1 {[%c_effect d3;square;d3;type;GreatFind;persistent;true] The most accurate.} ( 11.Bh6 Bf8 12.Bg5 Be7 {was not so clear in Leitao-Pesotskiy, Titled Tuesday 2022.} ) 11...d5 ( 11...d6 12.Bg5 {White is already nearly winning: Sarana-Ognean, Titled Tuesday 2021.} ) 12.Bg5 {with an overwhelming advantage in Leitao-Svane, Titled Tuesday 2021.} ) 11.Be2 ( 11.Bf4 {This is the move Nepomniachtchi played when he had this position, but we will have a move order transposition.} 11...d6 12.Rd1 Qe7 13.Be2 h5 ) 11...d6 12.Bf4 Qe7 {Other options are available and certainly Nepomniachtchi considered them, but this move seems the most precise road to equality.} ( 12...dxe5 13.Bxe5 f6 14.Bxc7 Qe7 {This is another version of the c7-pawn sacrifice and is also enough to hold the game.} 15.Rd1 Bf5 16.Bd6 Bxd6 17.Qxd6 {Black should make a draw without problems in the endgame.} ) ( 12...h5 {This dynamic advance is also possible immediately.} ) 13.Rd1 h5 $1 {[%c_effect h5;square;h5;type;GreatFind;persistent;true] Black wants to bother the white queen with h5-h4. In some lines the rook can be developed through the h6-square. Nepomniachtchi knew this well, as when he played the white side of this position, he soon got a lost position after this move. But to me it's very surprising that Ding was out of book at this point. Shouldn't he study all of his opponent's recent games, including the blitz ones $2} 14.O-O {This novelty is the best attempt to achieve an advantage.} ( 14.h4 $6 dxe5 15.Bxe5 Bg4 $1 {[%c_effect g4;square;g4;type;GreatFind;persistent;true] This is another interesting idea of the h5-move. Black gets a fine position, for instance:} 16.O-O ( 16.Bxg4 $6 hxg4 {was unpleasant for White in Nepomniachtchi-Cardoso Cardoso, Titled Tuesday 2020.} ) ( 16.f3 Re8 17.fxg4 Qxe5 18.Qxe5 Rxe5 19.Rd8+ Re8 20.Rxe8+ Kxe8 21.gxh5 Rh6 {with a likely draw in this endgame with opposite-colored bishops.} ) 16...Rh6 $5 ( 16...Re8 17.Rd5 {and now} 17...c6 $2 {[%c_effect c6;square;c6;type;Mistake;persistent;true] is a mistake due to} 18.Rxc5 $1 Qxc5 19.Bd6+ ) 17.Bxg4 hxg4 ( 17...Rg6 $2 {[%c_effect g6;square;g6;type;Mistake;persistent;true] This is bad after} 18.Rd7 $1 ) 18.Bxc7 Rc8 19.Bf4 Qxh4 20.Qxh4 Rxh4 {with an equal endgame.} ) 14...h4 15.Qd3 g5 {It's always difficult to advance the pawns in front of the king, but this is a decent move since it invites White to go to an endgame a pawn up, but with excellent drawing chances.} ( 15...h3 {is also possible, although it doesn't change the character of the game after 16.g3 and it also gives White other options.} 16.Bf3 $5 ( 16.g3 Be6 {is more or less equal.} ) 16...hxg2 17.Rfe1 {with big complications.} ) ( 15...Be6 {is also an option.} ) 16.exd6 cxd6 17.Bxd6 ( 17.Be3 {White can play this to keep the queens on the board, but it doesn't lead to an advantage after} 17...Bxe3 18.fxe3 Be6 ) 17...Qxd6 18.Qxd6+ Bxd6 19.Rxd6 {White wins a pawn, but his queenside pawn structure is weak.} 19...Be6 20.f4 $1 {[%c_effect f4;square;f4;type;GreatFind;persistent;true] This is the only chance, trying to exploit Black's kingside. But Nepomniachtchi defends with confidence.} 20...Ke7 21.Rd4 gxf4 22.Rfxf4 h3 23.g4 Rac8 24.Kf2 {The king heads to g3, keeping the h3-pawn under pressure.} 24...Rc5 $1 {[%c_effect c5;square;c5;type;GreatFind;persistent;true] Preparing to attack the queenside.} 25.a4 ( 25.Bf3 $5 {[%c_effect f3;square;f3;type;Interesting;persistent;true] is a possible plan, trying to bring the bishop to d5. Black should be careful, but a draw is in sight after} 25...Ra5 26.Rd2 Ra3 $1 27.Bxb7 ( 27.Rc2 Rc8 ) 27...Rxc3 28.Bd5 Rg8 29.Bxe6 fxe6 {White is unable to exploit the material advantage because Black's rooks are very active.} ) 25...Ra5 26.Bd1 b6 27.Kg3 Rh6 {Black has a fortress. White is unable to improve the position.} 28.Rfe4 Kf8 29.Rd8+ Kg7 30.Ra8 Rc5 31.Rxa7 ( 31.Be2 Ra5 ) ( 31.Bb3 Rc7 ) 31...Bxc4 32.Rae7 Rhc6 ( 32...Be6 33.Re3 Rc4 {is also good enough for a draw.} ) 33.R7e5 ( 33.Kxh3 Be6 34.Re3 Rxc3 35.Rxc3 Rxc3+ 36.Kg2 Rd3 37.Bf3 Rd4 {is also a draw as White cannot keep a material advantage.} ) 33...Rxe5 34.Rxe5 Bb3 $1 {[%c_effect b3;square;b3;type;GreatFind;persistent;true] The final touch.} 35.Bxb3 Rxc3+ 36.Kh4 Rxb3 37.Rb5 Ra3 38.Rxb6 Rxa4 39.Kxh3 f5 $1 40.gxf5 Rf4 41.Rb5 Kf6 42.Kg3 Rxf5 43.Rxf5+ Kxf5 44.h4 Kg6 45.h5+ Kxh5 {A good result for Nepomniachtchi, showing once again his excellent preparation and drawing without major problems. Time is running out for Ding, but a lot can happen in four games.} 1/2-1/2